 Dungeon Crawl Stone Soup version 0.26.0-18-gc5c842f807 (webtiles) character file.

Game seed: 10598216523960610526

61 thiole the Sneak (level 4, -1/27 HPs)
             Began as an Octopode Hedge Wizard on Jan 22, 2021.
             Slain by Sigmund
             ... wielding a +0 scythe
              (11 damage)
             ... on level 2 of the Dungeon.
             The game lasted 00:03:22 (1960 turns).

thiole the Sneak (Octopode Hedge Wizard)            Turns: 1960, Time: 00:03:23

Health: -1/27      AC:  1    Str:  6 (9)  XL:     4   Next: 7%
Magic:  8/8        EV: 13    Int: 16 (17) God:
Gold:   109        SH:  0    Dex:  9 (11) Spells: 1/9 levels left

rFire    . . .     SeeInvis .   a - +0 dagger
rCold    . . .     Faith    .   (no shield)
rNeg     . . .     Spirit   .   b - +0 hat
rPois    .         Reflect  .   (no amulet)
rElec    .         Harm     .   (no ring)
rCorr    .         Rampage  .   (no ring)
Will     .....                  (no ring)
Stlth    ++........             (no ring)
HPRegen  0.09/turn              (no ring)
MPRegen  0.11/turn              (no ring)
                                (no ring)
                                (no ring)

@: confused, brilliant
A: almost no armour, stealthy swim, amphibious, 8 rings, constrict 8, camouflage
1, gelatinous body 1
a: no special abilities


You were on level 2 of the Dungeon.
You visited 1 branch of the dungeon, and saw 3 of its levels.

You collected 109 gold pieces.

Inventory:

Hand Weapons
 a - a +0 dagger (weapon)
Armour
 b - a +0 hat (worn)
Jewellery
 f - an uncursed ring of resist corrosion {unknown}
Scrolls
 c - 2 scrolls of teleportation {unknown}
 d - a scroll of blinking {unknown}
 g - 3 scrolls of magic mapping {unknown}
 h - a scroll of enchant weapon {unknown}
 i - a scroll of remove curse {unknown}
 j - a scroll of amnesia {unknown}
 k - a scroll of identify {unknown}


   Skills:
 - Level 2.0 Dodging
 + Level 3.6 Stealth
 + Level 3.2 Spellcasting
 - Level 2.0 Conjurations
 * Level 0.6 Hexes
 - Level 2.0 Summonings
 - Level 1.0 Translocations
 * Level 0.7 Air Magic


You had one spell level left.
You knew the following spells:

 Your Spells              Type           Power        Failure   Level
a - Magic Dart            Conj           52%          9%          1
b - Call Imp              Summ           13%          12%         2
c - Slow                  Hex            6%           22%         2
d - Mephitic Cloud        Conj/Pois/Air  8%           36%         3

Your spell library contained the following spells:

 Spells                   Type           Power        Failure   Level
 Blink                    Tloc           N/A          19%         2
 Conjure Flame            Conj/Fire      8%           36%         3


Dungeon Overview and Level Annotations

Branches:
Dungeon (3/15)

Altars:
Yredelemnul

Annotations:
D:2 Sigmund


Innate Abilities, Weirdness & Mutations

You cannot wear most types of armour.
You are very stealthy in the water. (Stealth+)
You are amphibious.
You can wear up to eight rings at the same time.
You can use your tentacles to constrict eight enemies at once.
Your skin changes colour to match your surroundings (Stealth+).
Your rubbery body absorbs attacks. (AC +1, EV +1)


Message History

Your crimson imp hits something.
Hit: a) +0 dagger
Press: ? - help, Dir - move target You miss something.
Something hits you.
* * * LOW HITPOINT WARNING * * *
Your crimson imp hits something.
Your magical contamination has completely faded away.
It was a potion of degeneration.
There was something very wrong with that liquid.
You feel weakened.
You feel dopey.
You feel clumsy.
Your crimson imp hits something.
It was a potion of ambrosia.
You are confused.
You feel invigorated. Something hits you.
* * * LOW HITPOINT WARNING * * *
Your crimson imp closely misses something.
It was a potion of brilliance.
You feel clever all of a sudden. Something hits you!
You die...

#......## #......
#.......# #.$....
#.......# #......
##+####.# ##### #....(.
####....#.###..(.
#$.....
............'.... .....
.....#.#.###....
#..######.#.#.# #....
#.5{@...#.#.#.# #....
#..5###.#.#.#(# #....
#...# #.#.#<#.# #....
###...# #.#.###.# #....
#.....# #)......# ....
#.....#####.##### ....
#...........# ###
###..##################
#.>..................


You could see 2 friendly crimson imps.

Vanquished Creatures
  An adder (D:2)
  3 dart slugs
  A leopard gecko (D:1)
  A giant cockroach (D:1)
  5 hobgoblins
  4 kobolds
  5 bats (D:1)
  4 frilled lizards
  7 goblins
  2 rats
33 creatures vanquished.

Vanquished Creatures (collateral kills)
  Robin (D:2)
  5 goblins (D:2)
  A hobgoblin (D:2)
7 creatures vanquished.

Grand Total: 40 creatures vanquished

Notes
Turn   | Place    | Note
-------+----------+-------------------------------------------
     0 | D:1      | thiole the Octopode Hedge Wizard began the quest for the
                  | Orb.
     0 | D:1      | Reached XP level 1. HP: 11/11 MP: 4/4
    65 | D:1      | Reached XP level 2. HP: 17/17 MP: 1/6
   567 | D:1      | Reached XP level 3. HP: 21/21 MP: 3/7
  1303 | D:2      | Found a basalt altar of Yredelemnul.
  1307 | D:2      | Learned a level 2 spell: Call Imp
  1310 | D:2      | Learned a level 2 spell: Slow
  1314 | D:2      | Learned a level 3 spell: Mephitic Cloud
  1359 | D:2      | Noticed Robin
  1696 | D:2      | Killed Robin
  1697 | D:2      | Reached XP level 4. HP: 27/27 MP: 1/8
  1944 | D:2      | Noticed Sigmund
  1960 | D:2      | Slain by Sigmund

Illustrated notes

Levels and vault maps discovered:
D:1:      minmay_arrival_stone_box, layout_basic, amcnicky_mini_pool_small,
          minmay_cut_off
D:2:      layout_basic, general_overflow_altar, marbit_many_paths,
          dk_vineyard_2, small_statue_intersection, minmay_liquid_box,
          kennysheep_crisscross, uniq_robin, uniq_sigmund
D:3:      layout_basic, overflow_temple_1_default, uniq_ijyb

Skill      XL: |  1  2  3 |
---------------+----------+-----
Stealth        | 3 |  3.6
Conjurations   | 2 |  2.0
Summonings     | 2 |  2.0
Dodging        | |  2.0
Spellcasting   | |  3.2
Hexes          | |  0.6
Translocations | |  1.0
Air Magic      | |  0.7

Action                   |  1- 3 |  4- 6 || total
-------------------------+-------+-------++-------
Melee: Dagger            |    30 |     8 ||    38
       Constrict         |    11 |     1 ||    12
       Tentacles         |     6 |     1 ||     7
 Cast: Magic Dart        |    50 |     6 ||    56
       Call Imp          |     6 |     2 ||     8
  Use: Potion            |       |     3 ||     3
 Stab: Sleeping          |     1 |       ||     1
Armor: Skin              |     4 |     1 ||     5
Dodge: Dodged            |    15 |     4 ||    19
